 Dungeon Crawl Stone Soup version 0.25-a0-927-g39f137c8b7 (webtiles) character file.

Game seed: 6385569197443355061, levelgen mode: deterministic

3885 Maedhros the Martial Artist (level 10, -4/58 HPs)
             Began as an Octopode Artificer on May 3, 2020.
             Was an Elder of Cheibriados.
             Killed from afar by a gargoyle (14 damage)
             ... with a stone arrow
             ... on level 8 of the Dungeon.
             The game lasted 00:14:37 (6176 turns).

Maedhros the Martial Artist (Octopode Artificer)    Turns: 6176, Time: 00:14:38

Health: -4/58      AC:  1    Str: 21    XL:     10   Next: 19%
Magic:  12/12      EV: 12    Int: 24    God:    Cheibriados [****..]
Gold:   394        SH: 12    Dex: 26    Spells: 6/9 levels left

rFire    . . .     SeeInvis +     - Unarmed
rCold    . . .     Gourm    +   g - +0 kite shield
rNeg     . . .     Faith    .   (helmet restricted)
rPois    .         Spirit   .   x - amulet of the gourmand
rElec    .         Reflect  .   A - ring of see invisible
rCorr    .         Harm     .   (no ring)
MR       .....                  (no ring)
Stlth    ++++......             (no ring)
HPRegen  0.19/turn              (no ring)
MPRegen  0.13/turn              (no ring)
                                (no ring)
                                (no ring)

@: very slightly contaminated, invisible, very slow
A: almost no armour, stealthy swim, amphibious, 8 rings, constrict 8, camouflage
1, gelatinous body 1
a: Bend Time, Temporal Distortion, Slouch, Renounce Religion


You were on level 8 of the Dungeon.
You worshipped Cheibriados.
Cheibriados was greatly pleased with you.
You were very hungry.

You visited 2 branches of the dungeon, and saw 9 of its levels.

You collected 394 gold pieces.

Inventory:

Hand Weapons
 l - a +0 mace of protection
 p - a +3 spear
Missiles
 h - 3 javelins (quivered)
 r - 17 poisoned darts
 u - 3 throwing nets
Armour
 g - a +0 kite shield (worn)
Jewellery
 x - an amulet of the gourmand (around mantle)
 A - a ring of see invisible (left tentacle)
Wands
 b - a wand of digging (7)
 d - a wand of random effects (21)
 k - a wand of iceblast (1)
 v - a wand of acid (10)
Scrolls
 a - a scroll of amnesia
 i - 2 scrolls of teleportation
 m - a scroll of acquirement {unknown}
 o - 2 scrolls of blinking
 q - 5 scrolls of remove curse
Potions
 c - a potion of mutation {unknown}
 e - a potion of degeneration
 j - 2 potions of stabbing
 n - 2 potions of heal wounds
 t - a potion of might
Comestibles
 f - 19 rations


   Skills:
 - Level 1.0 Fighting
   Level 1.0 Short Blades
 - Level 2.0 Dodging
 - Level 4.0 Stealth
 * Level 6.3 Shields
 + Level 9.5 Unarmed Combat
 * Level 8.0 Translocations
 - Level 3.2 Evocations


You had 6 spell levels left.
You knew the following spells:

 Your Spells              Type           Power        Failure   Level  Hunger
a - Gell's Gravitas       Tloc           #####.....   4%          3    ####...

Your spell library contained the following spells:

 Spells                   Type           Power        Failure   Level  Hunger
 Confusing Touch          Hex            #.......     78%         3    ####...
 Petrify                  Tmut/Erth      #.......     99%         4    #####..
 Metabolic Englaciation   Hex/Ice        #.........   100%        5    ######.
 Yara's Violent Unravell  Hex/Tmut       #.........   100%        5    ######.


Dungeon Overview and Level Annotations

Branches:
Dungeon (8/15)             Temple (1/1) D:5
   Lair: D:8-11

Altars:
Ashenzari
Cheibriados
Elyvilon
Fedhas
Hepliaklqana
Kikubaaqudgha
Makhleb
Qazlal
Ru
Sif Muna
Uskayaw
Vehumet
Wu Jian
Xom

Shops:
D:4 *[


Innate Abilities, Weirdness & Mutations

You cannot wear most types of armour.
You are very stealthy in the water. (Stealth+)
You are amphibious.
You can wear up to eight rings at the same time.
You can use your tentacles to constrict eight enemies at once.
Your skin changes colour to match your surroundings (Stealth+).
Your rubbery body absorbs attacks. (AC +1, EV +1)


Message History

You constrict the harpy. The harpy claws you! x2
* * * LOW HITPOINT WARNING * * *
Evoke which item? (* to show all) (? for menu, Esc to quit)
Aiming: Corrosive Bolt
Press: ? - help, Shift-Dir - straight line, f - harpy
Aim: a harpy (almost dead, constricted by you)
The bolt of acid hits the harpy!
The harpy is splashed with acid.
The acid corrodes the harpy!
You kill the harpy!
Cheibriados thoroughly appreciates the change of pace.
The harpy's shape twists and changes as she dies.
Your Shields skill increases to level 6!
Your Translocations skill increases to level 8!
The bolt of acid hits the orc!
The orc is splashed with acid.
You kill the orc!
Cheibriados appreciates the change of pace.
The acid dragon roars!
The gargoyle hurls a stone arrow at you.
The stone arrow hits you!
You die...

#.##.##.##.#.#
#.......##.#.##
##.#.#.##.#.#.#
##.....##)#.#.##
.##.#.##.#.#.#.#
.##...##.#.#.#.##
#.##.##.#.#.#.#.#
..##.##.#.#.#.#.##
)##)##'#########@#
##)##.........##†#
##.##.........##.#
#...##...##..# #)#
#.(.##..##...# #9#
..#..##..#..# #R#
..#..##.....#


OK) ......##...## D#. .# .....###...# .### You could see a rakshasa, a
two-headed ogre, a kobold demonologist, an acid dragon (wandering) and a
gargoyle.

Vanquished Creatures
  A harpy (shapeshifter) (D:8)
  Sigmund (D:3)
  Grum (D:8)
  A hungry ghost (D:8)
  4 orc warriors
  A sky beast (D:7)
  An ice beast (D:8)
  A phantom (D:7)
  A black bear (D:8)
  4 ogres
  2 centaurs
  3 wolves (D:8)
  A bullfrog (D:7)
  A water moccasin zombie (D:8)
  A scorpion (D:4)
  3 killer bees (D:8)
  6 wights
  2 crimson imps (D:5)
  A quasit (D:8)
  A centaur zombie (D:5)
  An orc priest (D:8)
  3 hounds
  A jelly (D:8)
  7 orc wizards
  A bullfrog skeleton (D:7)
  Ijyb (D:3)
  3 worker ants
  A killer bee zombie (D:8)
  7 gnolls
  5 adders
  A shadow imp (D:7)
  A white imp (D:5)
  An adder zombie (D:7)
  An adder skeleton (D:8)
  4 dart slugs (D:1)
  2 leopard geckos
  30 orcs
  3 ball pythons
  8 giant cockroaches
  3 hobgoblins
  7 jackals
  10 kobolds
  5 quokkas
  3 frilled lizards
  6 goblins
  6 rats
158 creatures vanquished.

Vanquished Creatures (collateral kills)
  An orc warrior (D:6)
  A scorpion (D:6)
  An orc wizard (D:6)
  A worker ant (D:6)
  7 orcs
11 creatures vanquished.

Vanquished Creatures (others)
  Pikel (D:5)
  A bullfrog (D:6)
  A howler monkey (D:5)
  A crimson imp (D:5)
  A bullfrog zombie (D:5)
  2 orc wizards (D:6)
  2 orc priests (D:5)
  A worker ant zombie (D:5)
  An adder (D:5)
  A shadow imp (D:5)
  3 orcs (D:5)
  A plant (D:4)
16 creatures vanquished.

Grand Total: 185 creatures vanquished

Notes
Turn   | Place    | Note
-------+----------+-------------------------------------------
     0 | D:1      | Maedhros the Octopode Artificer began the quest for the
                  | Orb.
     0 | D:1      | Reached XP level 1. HP: 13/13 MP: 3/3
   191 | D:2      | Reached XP level 2. HP: 9/18 MP: 4/4
   353 | D:3      | Noticed Sigmund
   357 | D:3      | Killed Sigmund
   357 | D:3      | Reached skill level 4 in Unarmed Combat
   357 | D:3      | Reached XP level 3. HP: 10/23 MP: 5/5
   357 | D:3      | Reached XP level 4. HP: 12/28 MP: 6/6
   357 | D:3      | Reached XP level 5. HP: 14/33 MP: 7/7
   362 | D:3      | Noticed Ijyb
  1130 | D:4      | Found Tahahin's Antique Armour Emporium.
  1163 | D:4      | Reached skill level 5 in Unarmed Combat
  1163 | D:4      | Reached XP level 6. HP: 34/38 MP: 8/8
  1595 | D:4      | Found Adyattit's Elemental Accessories.
  1643 | D:4      | Reached skill level 6 in Unarmed Combat
  1643 | D:4      | Reached XP level 7. HP: 39/43 MP: 9/9
  1736 | D:5      | Entered Level 5 of the Dungeon
  1895 | D:5      | Noticed Pikel
  1903 | D:5      | Found a staircase to the Ecumenical Temple.
  1912 | Temple   | Entered the Ecumenical Temple
  1929 | Temple   | Became a worshipper of Cheibriados the Contemplative
  2010 | D:5      | Killed Pikel
  2136 | D:5      | Reached skill level 7 in Unarmed Combat
  2218 | D:3      | Killed Ijyb
  2532 | D:1      | Reached * piety under Cheibriados
  3236 | D:2      | Learned a level 3 spell: Gell's Gravitas
  3372 | D:3      | Found a stormy altar of Qazlal.
  3412 | D:3      | Reached ** piety under Cheibriados
  3463 | D:4      | Reached skill level 1 in Translocations
  3752 | D:6      | Reached XP level 8. HP: 26/48 MP: 10/10
  3773 | D:6      | Found a radiant altar of Vehumet.
  4042 | D:6      | Reached skill level 8 in Unarmed Combat
  4402 | D:6      | Reached *** piety under Cheibriados
  4968 | D:7      | Reached skill level 1 in Shields
  4978 | D:7      | Reached skill level 5 in Translocations
  5286 | D:7      | Reached XP level 9. HP: 26/53 MP: 11/11
  5401 | D:7      | Found an ancient bone altar of Kikubaaqudgha.
  5501 | D:8      | Reached skill level 9 in Unarmed Combat
  5507 | D:8      | Reached **** piety under Cheibriados
  5823 | D:8      | Noticed Grum
  5832 | D:8      | Reached skill level 5 in Shields
  5835 | D:8      | Killed Grum
  5846 | D:8      | Reached XP level 10. HP: 53/58 MP: 12/12
  6169 | D:8      | Noticed a harpy
  6169 | D:8      | Noticed a rakshasa
  6169 | D:8      | Noticed a gargoyle
  6170 | D:8      | Noticed a kobold demonologist
  6170 | D:8      | Noticed a two-headed ogre
  6176 | D:8      | Killed a harpy
  6176 | D:8      | Killed from afar by a gargoyle

Levels and vault maps discovered:
D:1:      roderic_crossed_star, layout_loops_ring,
          chequers_serial_rivers_small_a, minmay_hexomino_c4
D:2:      layout_rooms, kennysheep_path_1
D:3:      layout_rooms, lemuel_round_altar, kennysheep_crisscross, uniq_sigmund,
          uniq_ijyb
D:4:      layout_rooms, first_ration, serial_shops, shop, chequers_big_river,
          minmay_misc_feat_hallway, nicolae_elemental_shop,
          chequers_serial_rivers_micro_a
D:5:      layout_cave_pods, temple_pool_b, chequers_arboretum,
          minmay_fire_ice_demons, uniq_pikel
D:6:      layout_basic, basic_altar, gammafunk_ghost_cemetery
D:7:      layout_rooms, basic_altar, grunt_ogre_cave
D:8:      minmay_the_grid_triangle_9x9_rhombus_full
          [minmay_the_grid_triangle_9x9_zippers_vertical,
          minmay_the_grid_triangle_9x9_dagger,
          minmay_the_grid_triangle_9x9_thin_v,
          minmay_the_grid_triangle_9x9_flanged_cone,
          minmay_the_grid_triangle_9x9_descending_squares,
          minmay_the_grid_triangle_9x9_stretched_checkered,
          minmay_the_grid_triangle_9x9_pentomino_pain,
          minmay_the_grid_triangle_9x9_prize_center], layout_loops_ring,
          minmay_misc_feat_encased, uniq_grum
Temple:   grunt_wide_crystal_templ

Skill      XL: |  1  2  3  4  5  6  7  8  9 10 |
---------------+-------------------------------+-----
Stealth        | 3 4 |  4.0
Unarmed Combat | 4 5 6 7 8 9 |  9.5
Translocations | 2 5 7 8 |  8.0
Shields        | 2 5 6 |  6.3
Fighting       | |  1.0
Short Blades   | |  1.0
Dodging        | |  2.0
Evocations     | |  3.2

Action                   |  1- 3 |  4- 6 |  7- 9 | 10-12 || total
-------------------------+-------+-------+-------+-------++-------
Melee: Short sword       |    12 |    39 |     1 |       ||    52
       Constrict         |     3 |    12 |    63 |     4 ||    82
       Tentacles         |     3 |    10 |    60 |     7 ||    80
       Punch             |       |     4 |    16 |     2 ||    22
       Mace              |       |    13 |       |       ||    13
       Spear             |       |       |   196 |       ||   196
       Unarmed           |       |       |   115 |    21 ||   136
Evoke: Wand              |     1 |    11 |    30 |     1 ||    43
  Use: Scroll            |       |       |     9 |       ||     9
       Potion            |       |       |    11 |     2 ||    13
 Stab: Sleeping          |     2 |     4 |    15 |       ||    21
       Invisible         |       |       |     1 |     2 ||     3
  Eat: Chunk             |       |     2 |    10 |       ||    12
Armor: Skin              |     1 |     2 |    27 |     2 ||    32
Dodge: Dodged            |     7 |    35 |   126 |    15 ||   183
Block: Kite shield       |       |       |    44 |     5 ||    49

Table legend:
 A = Non-vault XP
 B = Vault XP
 C = Vault XP percentage of total XP
 D = Non-vault monster count
 E = Vault monster count
 F = Vault count percentage of total count
                 A         B        C        D         E       F
            +---------+---------+-------+---------+---------+-------
      Total |    3306 |    2245 |  40.4 |     141 |      30 |  17.5
            +---------+---------+-------+---------+---------+-------
        D:1 |      34 |       9 |  20.9 |      16 |       7 |  30.4
        D:2 |      77 |       0 |   0.0 |      18 |       0 |   0.0
        D:3 |      40 |     276 |  87.3 |       8 |       2 |  20.0
        D:4 |     491 |       0 |   0.0 |      23 |       0 |   0.0
        D:5 |     252 |      10 |   3.8 |      16 |       1 |   5.9
        D:6 |     695 |       0 |   0.0 |      27 |       0 |   0.0
        D:7 |    1175 |     116 |   9.0 |      23 |       1 |   4.2
        D:8 |     542 |    1834 |  77.2 |      10 |      19 |  65.5
            +---------+---------+-------+---------+---------+-------
